 Dungeon Crawl Stone Soup version 0.30-b1-2-g02819fbbbe (webtiles) character file.

Game seed: 14580099526617398292

124776 nightchill the Warrior (level 16, 0/97 HPs)
             Began as a Vine Stalker Berserker on Jan 10, 2024.
             Was an Elder of Trog.
             Slain by a water elemental (8 damage)
             ... led by a merfolk aquamancer
             ... on level 3 of the Shoals on Jan 11, 2024.
             The game lasted 02:03:55 (32446 turns).

nightchill the Warrior (Vine Stalker Berserker)    Turns: 32446, Time: 02:03:56

Health: 0/97       AC: 20    Str: 26    XL:     16   Next: 94%
Magic:  0/26       EV:  8    Int:  7    God:    Trog [****..]
Gold:   1183       SH: 23    Dex: 16    Spells: 15/15 levels left

rFire   + + .        b - +3 rapier (vamp)
rCold   + . .        h - +4 tower shield
rNeg    . . .        f - +3 chain mail {rC+}
rPois   +            k - +1 helmet of the Orb Guardian {rF+ Regen+}
rElec   .            (no cloak)
rCorr   .            x - +0 pair of gloves
SInv    .            T - +0 pair of boots
Will    +++..        Q - amulet of magic regeneration Stlth
                     Y - ring "Qiopt" {rPois rF+ MP+9}
HPRegen 1.96/turn    u - ring of willpower
MPRegen 0.60/turn

%: guardian spirit
@: engulfed (cannot breathe), on berserk cooldown
A: fangs 3, regeneration 1, magic shield, antimagic bite, no potion heal 2
a: Renounce Religion, Berserk, Trog's Hand, Brothers in Arms


You were on level 3 of the Shoals.
You worshipped Trog.
Trog was greatly pleased with you.
You visited 5 branches of the dungeon, and saw 26 of its levels.
You also visited: Bailey.

You collected 2504 gold pieces.
You spent 1321 gold pieces at shops.

Inventory:

Hand Weapons
 a - a +3 dagger of venom
 b - a +3 vampiric rapier (weapon)
 l - a +1 rapier of distortion
 q - a +1 scimitar of holy wrath
 w - a +1 short sword of electrocution
 F - the +5 falchion "Vokyst" {flame, rF+ Will+ Str-2}
   (You took it off an orc knight on level 2 of the Orcish Mines)

   Str:       It affects your strength (-2).
   rF:        It protects you from fire.
   Will:      It increases your willpower.
Missiles
 E - 2 boomerangs of dispersal (quivered)
 S - 4 silver javelins
 Z - 7 throwing nets
Armour
 f - a +3 chain mail of cold resistance (worn)
 h - a +4 tower shield (worn)
 k - the +1 helmet of the Orb Guardian (worn) {rF+ Regen+}
   (You found it on level 2 of the Orcish Mines)

   rF:        It protects you from fire.
   Regen:     It increases your rate of health regeneration.
 x - a +0 pair of gloves (worn)
 L - the orb of Mezcal {mayhem, rPois}
   (You bought it in a shop on level 2 of the Orcish Mines)

   rPois:     It protects you from poison.
 T - a +0 pair of boots (worn)
 U - a +1 cloak
Jewellery
 p - a ring of see invisible
 u - a ring of willpower (right hand)
 y - a ring of positive energy
 P - a ring of protection from fire
 Q - an amulet of magic regeneration (around neck)
 Y - the ring "Qiopt" (left hand) {rPois rF+ MP+9}
   (You found it on level 4 of the Lair of Beasts)

   [ring of magical power]

   rF:        It protects you from fire.
   rPois:     It protects you from poison.
   MP:        It affects your magic capacity (+9).
Wands
 m - a wand of iceblast (25)
 r - a wand of paralysis (12)
 C - a wand of digging (1)
 H - a wand of flame (19)
 I - a wand of light (6)
 R - a wand of polymorph (6)
Scrolls
 c - 3 scrolls of noise
 e - 2 scrolls of fear
 g - 4 scrolls of immolation
 i - 4 scrolls of torment
 j - 4 scrolls of poison
 o - 6 scrolls of magic mapping
 s - 4 scrolls of fog
 t - 10 scrolls of teleportation
 A - 5 scrolls of vulnerability
 J - a scroll of butterflies
 K - a scroll of brand weapon
 X - 2 scrolls of silence
Potions
 d - 3 potions of flight
 n - a potion of cancellation {unknown}
 v - 13 potions of curing
 z - 5 potions of attraction
 B - 5 potions of resistance
 D - 4 potions of mutation
 G - 2 potions of magic
 M - a potion of might
 N - 3 potions of ambrosia
 O - a potion of brilliance {unknown}
 V - 3 potions of lignification {unknown}
Miscellaneous
 W - a box of beasts


   Skills:
 + Level 16.3 Fighting
 * Level 11.9 Short Blades
 - Level 12.0 Armour
 - Level 1.5 Dodging
 - Level 15.0 Shields


You had 15 spell levels left.
You didn't know any spells.
Your spell library was empty.

Dungeon Overview and Level Annotations

Branches:
Dungeon (15/15)            Temple (0/1) D:4            Lair (5/5) D:10
 Shoals (3/4) Lair:3        Snake (1/4) Lair:2        Slime (0/5) Lair:4
    Orc (2/2) D:9             Elf (0/3) Orc:2        Vaults (0/5) D:14
 Bailey (visited)
 Depths: D:15

Altars:
Gozag
Kikubaaqudgha
Nemelex Xobeh
Qazlal
Sif Muna
Uskayaw
Xom
Zin
The Shining One
Jiyva
Lugonu

Shops:
D:2 (   D:3 *   D:8 =   Orc:2 [?*!

Portals:
Abyss: Lair:5

Annotations:
D:8 exclusion: moth of wrath
D:9 3 runed translucent doors, exclusion: downstairs, emiel's ghost, novice KoEE
D:10 exclusion: door
D:11 exclusions: door and 2 electric eels
D:13 5 runed translucent doors, 1 exclusion
D:14 exclusions: door and downstairs
Lair:2 exclusion: 2 downstairs
Lair:4 exclusions: 2 oklob plants and 3 more exclusions
Lair:5 exclusion: electric eel
Orc:1 1 exclusion, Urug
Orc:2 exclusion: upstairs


Innate Abilities, Weirdness & Mutations

You have razor-sharp teeth.
Your natural rate of healing is unusually fast.
When hurt, damage is shared between your health and your magic reserves.
Your bite disrupts and absorbs the magic of your enemies.
Potions cannot restore your health.


Message History

You puncture the water elemental! You bite the water elemental!
You drain its power.
You feel invigorated.
The water elemental is heavily damaged.
* * * LOW HITPOINT WARNING * * *
Your lungs strain for air!
You block the water elemental's attack. The water elemental hits you.
* * * LOW HITPOINT WARNING * * *
The merfolk javelineer throws a silver javelin.
The silver javelin pierces through you!
* * * LOW HITPOINT WARNING * * *
* * * LOW HITPOINT WARNING * * *
You cannot call out to Trog while unable to breathe.
You're still recovering from your berserk rage.
You cannot read scrolls while unable to breathe!
Magic courses through your body.
* * * LOW HITPOINT WARNING * * *
Your lungs strain for air!
You block the water elemental's attack.
The merfolk javelineer throws a silver javelin.
The silver javelin pierces through you!
* * * LOW HITPOINT WARNING * * *
You block the water elemental's attack.
You puncture the water elemental!
The water elemental is severely damaged.
* * * LOW HITPOINT WARNING * * *
Your lungs strain for air!
The water elemental hits you.
* * * LOW HITPOINT WARNING * * *
Throw: 3 boomerangs (disperse)
Press: ? - help, Q - select action, (/) - cycle Shift-Dir - straight line, f - water elemental
Aim: a water elemental (77% to hit)
You throw a boomerang of dispersal.
The boomerang of dispersal hits the water elemental and shatters, but does no damage.
* * * LOW HITPOINT WARNING * * *
Your lungs strain for air!
The merfolk javelineer throws a silver javelin.
The silver javelin pierces through you but does no damage.
* * * LOW HITPOINT WARNING * * *
You block the water elemental's attack. The water elemental hits you!
You die...

~~~~~≈≈≈≈~~~ ~~~~~~~~~~~
.~~~~~~~~~. ..~~~~~~~~. ~
~~~~~~~~~.# ..
.~~~~~~~~.## .....##
~~~~~~~~...###......#.
~~~~~~m.)@...~~~~~~~~~~
~~~~~~.##EE~.~~~~~~~~~~~
..~~~...##))..~~~~~~~~~~
.~~~~~~~~~†~~~~~~~~~~~.~
~≈≈≈~~~E~~~~~~~~~~~~~~~~
≈≈≈≈~~~~[~~~~~~~~~~~~~~~P~
≈m≈≈~~~~~~~~~~~~~~~~P~~~P~
≈≈≈≈≈≈~~~~~~~~~~~~~~~~PP~P
≈≈≈≈≈≈~~~≈≈≈≈~~~...~~~~~~~


You could see a merfolk javelineer and 2 water elementals.

Vanquished Creatures
  Kirke (Lair:5)
  Louise (Shoals:3)
  2 orc warlords (Orc:2)
  2 merfolk impalers
  4 vault guards (D:14)
  A rakshasa (D:13)
  4 hydras
  A merfolk avatar (Shoals:2)
  2 merfolk aquamancers
  4 centaur warriors
  2 catoblepae (Lair:5)
  A death knight (D:14)
  A satyr (Shoals:3)
  2 anacondas (Snake:1)
  A tengu warrior (D:14)
  4 death yaks
  Erica (Lair:1)
  5 boulder beetles
  4 two-headed ogres
  3 thrashing horrors (Lair:5)
  8 orc high priests
  Sonja (Orc:2)
  A fire crab (shapeshifter) (D:13)
  A fire crab (Lair:4)
  7 sea snakes
  2 skysharks (Lair:5)
  4 harpies (Shoals:1)
  A wizard (D:14)
  2 deep elf pyromancers (D:12)
  3 orc sorcerers (Orc:2)
  9 orc knights (Orc:2)
  6 fauns
  3 ugly things
  5 cyclopes
  13 manticores
  6 merfolk sirens
  6 black mambas
  13 elephants
  Joseph (D:10)
  A smoke demon (Lair:5)
  A cane toad (shapeshifter) (Lair:5)
  A water nymph (Shoals:1)
  3 gargoyles
  A torpor snail (Lair:4)
  15 cane toads
  2 rime drakes
  2 unseen horrors
  2 freezing wraiths (Shoals:2)
  2 kobold demonologists (D:12)
  An efreet (D:14)
  13 komodo dragons
  3 ancient zymes (Lair:5)
  14 merfolk
  A queen bee (shapeshifter) (D:14)
  10 trolls
  5 wind drakes
  3 polar bears
  3 meliai (D:13)
  16 blink frogs
  5 dream sheep (Shoals:2)
  2 hornets
  A snapping turtle (Shoals:2)
  7 water elementals
  3 wraiths
  7 slime creatures
  A spriggan (shapeshifter) (D:14)
  2 spriggans (Lair:5)
  A shadow (D:12)
  4 wyverns
  2 ynoxinuls (Lair:5)
  43 yaks
  3 chaos spawn (Lair:5)
  7 basilisks
  20 vampire mosquitoes
  4 steam dragons
  3 humans (Bailey)
  6 wargs
  5 nagas
  An acid dragon (D:10)
  12 water moccasins
  6 small abominations (Lair:5)
  57 orc warriors
  3 sky beasts
  4 ice beasts
  2 large abominations (Lair:5)
  5 ogres
  22 wolves
  4 centaurs
  9 kobold brigands
  22 bullfrogs
  3 scorpions
  13 wights
  9 killer bees
  2 electric eels (Lair:5)
  A howler monkey (D:11)
  3 jellies
  A quasit (D:7)
  34 orc priests
  7 hounds
  A gnoll bouda (D:5)
  11 iguanas
  Terence (D:2)
  14 orc wizards
  6 gnolls
  4 adders
  A shadow imp (D:6)
  3 ufetubi
  2 worms (D:2)
  2 dart slugs
  91 orcs
  8 ball pythons
  7 bats
  10 endoplasms
  5 giant cockroaches
  8 goblins
  6 hobgoblins
  2 jackals (D:3)
  6 quokkas
  3 frilled lizards (D:1)
  2 goblin skeletons (D:7)
  2 goblin zombies (D:7)
  A hobgoblin zombie (D:7)
  33 kobolds
  2 kobold skeletons (D:7)
  3 kobold zombies (D:7)
  5 rats
822 creatures vanquished.

Vanquished Creatures (collateral kills)
  2 vault guards (Bailey)
  Prince Ribbit (Bailey)
  A bullfrog (Bailey)
4 creatures vanquished.

Vanquished Creatures (others)
  A water elemental (Shoals:3)
  A human (Lair:5)
  A water moccasin (Lair:5)
  An orc warrior (Orc:1)
  An orc wizard (D:9)
  4 orcs
  52 fungi
  94 plants
  7 withered plants
162 creatures vanquished.

Grand Total: 988 creatures vanquished

Notes
Turn   | Place    | Note
-------+----------+-------------------------------------------
     0 | D:1      | nightchill the Vine Stalker Berserker began the quest for
                  | the Orb.
     0 | D:1      | Reached XP level 1. HP: 11/11 MP: 2/2
   221 | D:1      | Reached XP level 2. HP: 16/16 MP: 3/3
   462 | D:1      | Reached skill level 3 in Fighting
   911 | D:2      | Found Wymil's Antique Weapon Shop.
  1028 | D:2      | Reached XP level 3. HP: 20/20 MP: 4/4
  1470 | D:2      | Noticed Terence
  1480 | D:2      | Killed Terence
  1481 | D:2      | Gained mutation: Your natural rate of healing is unusually
                  | fast. [Vine Stalker growth]
  1481 | D:2      | Reached XP level 4. HP: 11/24 MP: 2/5
  2235 | D:3      | Found a faded altar of an unknown god.
  2249 | D:3      | Reached XP level 5. HP: 28/28 MP: 6/6
  2411 | D:3      | Reached ** piety under Trog
  2548 | D:3      | Found Seillapp's Assorted Antiques.
  3012 | D:4      | Found a stormy altar of Qazlal.
  3012 | D:4      | Noticed a sky beast
  3033 | D:4      | Killed a sky beast
  3034 | D:4      | Reached skill level 4 in Fighting
  3034 | D:4      | Reached skill level 5 in Short Blades
  3034 | D:4      | Reached XP level 6. HP: 33/33 MP: 5/7
  3302 | D:4      | Reached XP level 7. HP: 38/38 MP: 8/8
  3386 | D:4      | Found a staircase to the Ecumenical Temple.
  4028 | D:5      | Entered Level 5 of the Dungeon
  4255 | D:5      | Reached skill level 5 in Fighting
  4717 | D:5      | Gained mutation: You have razor-sharp teeth. [Vine Stalker
                  | growth]
  4717 | D:5      | Reached XP level 8. HP: 43/43 MP: 9/9
  4761 | D:5      | Found a shimmering altar of Xom.
  5762 | D:6      | Reached *** piety under Trog
  6256 | D:6      | Reached skill level 6 in Fighting
  6742 | D:7      | Reached XP level 9. HP: 49/49 MP: 10/10
  7022 | D:7      | Found a glowing golden altar of the Shining One.
  7170 | D:7      | Found a glowing silver altar of Zin.
  7363 | D:8      | Found Piuda's Jewellery Boutique.
  7420 | D:8      | Reached skill level 7 in Fighting
  7570 | D:8      | Noticed a moth of wrath
  7598 | D:8      | Reached **** piety under Trog
  7628 | D:8      | Reached skill level 10 in Short Blades
  7706 | D:8      | Reached skill level 1 in Shields
  7839 | D:8      | Reached XP level 10. HP: 56/56 MP: 9/11
  7855 | D:8      | Found an ancient bone altar of Kikubaaqudgha.
  8186 | D:9      | Reached skill level 8 in Fighting
  8238 | D:9      | Found a staircase to the Orcish Mines.
  8397 | D:9      | Reached skill level 5 in Shields
  8552 | D:9      | Found a flagged portal.
  8558 | Bailey   | Entered a bailey
  8771 | Bailey   | Noticed Prince Ribbit
  8771 | Bailey   | Noticed a vault guard
  8781 | Bailey   | Killed a vault guard
  8782 | Bailey   | Reached skill level 9 in Fighting
  8782 | Bailey   | Killed Prince Ribbit
  8817 | Bailey   | Noticed a vault guard
  8835 | Bailey   | Killed a vault guard
  8836 | Bailey   | Reached XP level 11. HP: 62/62 MP: 12/12
  8954 | D:9      | Found a hide-covered altar of Uskayaw.
  9009 | D:9      | Noticed emiel's ghost (novice KoEE)
  9010 | D:9      | Found a runed translucent gate.
  9010 | D:9      | Noticed a centaur warrior
  9011 | D:9      | Found a runed translucent gate.
  9015 | D:9      | Found a runed translucent gate.
  9062 | D:9      | Noticed a two-headed ogre
  9069 | D:9      | Killed a two-headed ogre
  9383 | D:9      | Noticed a two-headed ogre
  9392 | D:9      | Killed a two-headed ogre
  9524 | D:10     | Entered Level 10 of the Dungeon
  9830 | D:10     | Found a sparkling altar of Nemelex Xobeh.
  9859 | D:10     | Reached skill level 10 in Fighting
  9893 | D:10     | Noticed Joseph
  9918 | D:10     | HP: 3/63 [Joseph/+0 quarterstaff (14)]
  9919 | D:10     | Killed Joseph
 10056 | D:10     | Noticed a death yak
 10078 | D:10     | Killed a death yak
 10156 | D:10     | Noticed a death yak
 10158 | D:10     | Noticed a death yak
 10172 | D:10     | Killed a death yak
 10173 | D:10     | Reached skill level 10 in Shields
 10232 | D:10     | Killed a death yak
 10271 | D:9      | Reached XP level 12. HP: 42/68 MP: 10/13
 10379 | D:10     | Found a shimmering blue altar of Sif Muna.
 10564 | D:10     | Found an opulent altar of Gozag.
 10762 | D:10     | Found a staircase to the Lair.
 11053 | Lair:1   | Entered Level 1 of the Lair of Beasts
 11176 | Lair:1   | Reached skill level 11 in Fighting
 11488 | Lair:1   | Noticed Erica
 11500 | Lair:1   | Killed Erica
 11720 | Lair:1   | Noticed a boulder beetle
 11750 | Lair:1   | Killed a boulder beetle
 12707 | Lair:2   | Identified the +2 war axe of Niwat {drain, Will++ Int+2}
 13161 | Lair:2   | Reached XP level 13. HP: 68/74 MP: 9/14
 13483 | Lair:2   | Found a staircase to the Snake Pit.
 13772 | Lair:3   | Found a staircase to the Shoals.
 13802 | Lair:2   | Reached skill level 12 in Fighting
 15581 | Lair:4   | Identified the ring "Qiopt" {rPois rF+ MP+9}
 16246 | Lair:4   | Identified the +0 robe of the Flute {Will+ Str-4 Dex+2}
 16688 | Lair:4   | Found a viscous altar of Jiyva.
 16688 | Lair:4   | Found a staircase to the Slime Pits.
 16867 | Orc:1    | Entered Level 1 of the Orcish Mines
 16904 | Orc:1    | Noticed Urug
 17404 | Orc:2    | Entered Level 2 of the Orcish Mines
 17404 | Orc:2    | Noticed Sonja
 17422 | Orc:2    | Killed Sonja
 17423 | Orc:2    | Reached skill level 13 in Fighting
 17423 | Orc:2    | Reached skill level 15 in Shields
 17487 | Orc:2    | Reached XP level 14. HP: 76/82 MP: 15/15
 17594 | Orc:2    | Found a staircase to the Elven Halls.
 17998 | Orc:1    | HP: 3/75 [barbs]
 18196 | Orc:2    | Noticed an orc warlord
 18256 | Orc:2    | Killed an orc warlord
 18471 | Orc:2    | Noticed an orc warlord
 18798 | Orc:2    | Killed an orc warlord
 18916 | Orc:2    | Identified the +5 falchion "Vokyst" {flame, rF+ Will+
                  | Str-2}
 19093 | Orc:2    | Identified the +1 helmet of the Orb Guardian {rF+ Regen+}
 19183 | Orc:2    | Reached skill level 5 in Armour
 19188 | Orc:2    | Identified the +1 chain mail of the Villain {Fly}
 20881 | Orc:2    | Found Paxkae's General Store.
 20883 | Orc:2    | Found Giaqiq's Antique Armour Shoppe.
 20887 | Orc:2    | Found Wycy's Magic Scroll Emporium.
 20888 | Orc:2    | Found Zamifao's Distillery.
 20894 | Orc:2    | Bought a scroll of identify for 34 gold pieces
 21086 | D:3      | Bought a scroll of identify for 50 gold pieces
 21086 | D:3      | Bought a scroll of identify for 50 gold pieces
 21529 | Orc:2    | Bought a scroll of magic mapping for 127 gold pieces
 21529 | Orc:2    | Bought a scroll of magic mapping for 127 gold pieces
 21532 | Orc:2    | Bought a scroll of magic mapping for 97 gold pieces
 21532 | Orc:2    | Bought a scroll of fear for 52 gold pieces
 21656 | D:8      | Bought a ring of see invisible for 195 gold pieces
 21780 | Orc:2    | Bought a twisted orb for 420 gold pieces
 21780 | Orc:2    | Identified the orb of Mezcal {mayhem, rPois} (You bought it
                  | in a shop on level 2 of the Orcish Mines)
 21783 | Orc:2    | Bought a potion of curing for 39 gold pieces
 21783 | Orc:2    | Bought a potion of curing for 39 gold pieces
 21783 | Orc:2    | Bought a potion of curing for 39 gold pieces
 21783 | Orc:2    | Bought a potion of might for 52 gold pieces
 22021 | D:11     | Reached skill level 14 in Fighting
 23234 | D:12     | Reached XP level 15. HP: 88/88 MP: 16/16
 24817 | D:13     | Found the +9 staff of Olgreb {rPois∞}
 24828 | D:13     | Found a runed translucent door.
 24832 | D:13     | Noticed an emperor scorpion
 25045 | D:13     | Noticed an emperor scorpion
 25046 | D:13     | Found a runed translucent door.
 25050 | D:13     | Found a runed translucent gate.
 25050 | D:13     | Found a runed translucent gate.
 25060 | D:13     | Found a runed translucent gate.
 25062 | D:13     | Noticed an emperor scorpion
 25062 | D:13     | Noticed an emperor scorpion
 26145 | D:14     | Found a gate to the Vaults.
 26182 | D:14     | HP: 2/88 [vault guard/+0 war axe (15)]
 26568 | D:14     | Reached skill level 10 in Armour
 27015 | D:15     | Entered Level 15 of the Dungeon
 27206 | Lair:5   | Entered Level 5 of the Lair of Beasts
 27302 | Lair:4   | Reached skill level 15 in Fighting
 28072 | Lair:5   | Noticed Kirke
 28094 | Lair:5   | Killed Kirke
 28360 | Lair:5   | Reached XP level 16. HP: 95/95 MP: 17/17
 29383 | Lair:5   | Found a corrupted altar of Lugonu.
 29384 | Lair:5   | Found a one-way gate to the infinite horrors of the Abyss.
 29681 | Snake:1  | Entered Level 1 of the Snake Pit
 29884 | Shoals:1 | Entered Level 1 of the Shoals
 31001 | Shoals:2 | Identified the +8 flail "Xohec" {pain, rElec rF+ rC+ Dex-2}
 31091 | Shoals:2 | Reached skill level 16 in Fighting
 31225 | Shoals:2 | Found a frozen archway.
 31289 | Shoals:2 | Identified the +0 leather armour of the Goldsmith {rPois
                  | rF- MP+9 Stlth-}
 32175 | Shoals:3 | Noticed Louise
 32194 | Shoals:3 | Killed Louise
 32446 | Shoals:3 | Slain by a water elemental

Illustrated notes

Levels and vault maps discovered:
D:1:      mrwooster_arrival_statue_3, layout_loops_corners
D:2:      kennysheep_six_static_rooms, layout_basic, serial_shops, shop,
          uniq_terence
D:3:      layout_rooms, serial_shops, nicolae_shop_trees,
          ebering_ecumenical_altar_petrified, minmay_misc_feat_plants,
          item_on_display_a
D:4:      layout_loops_corners, nicolae_qazlal_beasts_of_the_sky,
          minmay_temple_entry_statues_pillars
D:5:      layout_basic, xom_butterflies, serial_aquarium, aquarium_bridge_square
          [aquarium_subvault_bridge, aquarium_subvault_balcony,
          aquarium_subvault_wall, aquarium_subvault_wall], aquarium_window_2,
          aquarium_window_3, aquarium_window_corner, aquarium_window_fake,
          aquarium_view_2d, aquarium_balcony_3b
D:6:      layout_layer_cave
D:7:      layout_basic, zin_academy, nicolae_tso_besieged_by_evil,
          minmay_misc_feat_iff
D:8:      layout_loops_ring, kiku_gazebo_garden_becter, tgw_trog, serial_shops,
          nicolae_shop_tiny_glass
D:9:      layout_small_grid, mainiacjoe_overflow_24_doors, orc_0_dummy,
          gammafunk_ghost_split, enter_bailey_2, wad_rectangle_vault
D:10:     layout_loops_ring, led_sif_book, kennysheep_mini_moat,
          lemuel_doored_altar, dpeg_lair_monsters, uniq_joseph
D:11:     layout_roguey, minivault_14, kennysheep_nub
D:12:     layout_cave_pods, st_stairs_11
D:13:     layout_stronghold, minmay_guarded_unrand_staff_of_olgreb
D:14:     statuecave_lemuel, layout_basic, lightli_vaults_fourway_checkpoint,
          kennysheep_small_spiral
D:15:     grunt_enter_depths_hoard, layout_rooms
Lair:1:   layout_hall_layers, columned_hall_lemuel, grunt_megastairs_4,
          uniq_erica
Lair:2:   beast_lair_carwin_large_3, layout_regular_city,
          minmay_snake_entry_guardpost_small, cheibrodos_lair_reptile_den
Lair:3:   layout_hall_layers, elwin_shoals_entry_stream
Lair:4:   nzn_winding_woodlands_cross [nzn_winding_woodlands_5x15_concentric,
          nzn_winding_woodlands_5x15_longhouse,
          nzn_winding_woodlands_5x15_garden, nzn_winding_woodlands_5x15_cabin,
          nzn_winding_woodlands_15x15_five_gardens], layout_regular_city,
          minmay_slime_entry_oklob_open
Lair:5:   hellmonk_lair_end_abyssal_woods, layout_regular_city, disabler_island,
          uniq_kirke
Shoals:1: layout_shoals, nicolae_shoals_seven_spires
Shoals:2: layout_shoals, portal_ice_cave_entry_frozen_things
Shoals:3: layout_shoals, serial_shops, nicolae_shop_mannequins, lightli_airlock,
          uniq_louise, uniq_polyphemus
Snake:1:  layout_misc_corridors, nicolae_snake_lava_pool, grunt_megastairs_2,
          minmay_shoptagon
Orc:1:    nicolae_orc_accident_1, layout_caves, basic_altar, uniq_urug
Orc:2:    st_orc_pillars, layout_diamond_mine, minmay_orc_treasury, uniq_sonja

Skill      XL: |  1  2  3  4  5  6  7  8  9 10 11 12 13 14 15 16 |
---------------+-------------------------------------------------+-----
Short Blades   | 3 4 5 6 7 9 10 11 | 11.9
Fighting       | 3 4 5 6 7 9 10 11 13 14 15 16 | 16.3
Shields        | 3 8 10 12 15 | 15.0
Armour         | 2 7 11 12 | 12.0
Dodging        | |  1.5

Action                     |  1- 3 |  4- 6 |  7- 9 | 10-12 | 13-15 | 16-18 || total
---------------------------+-------+-------+-------+-------+-------+-------++-------
  Melee: Short sword       |    84 |   194 |   207 |       |    72 |     4 ||   561
         Bite              |    21 |    59 |   176 |   375 |  1118 |   426 ||  2175
         Punch             |     1 |     4 |    10 |       |       |       ||    15
         Dagger            |       |       |   333 |   851 |  2290 |   399 ||  3873
         Scimitar          |       |       |       |       |    47 |       ||    47
         Rapier            |       |       |       |       |       |   575 ||   575
  Throw: Throwing net      |       |       |       |     1 |       |       ||     1
         Boomerang         |       |       |       |       |     1 |     1 ||     2
 Invoke: Berserk           |     3 |     5 |    13 |    15 |    48 |    13 ||    97
         Trog's Hand       |       |       |     4 |    16 |    48 |    12 ||    80
         Brothers in Arms  |       |       |       |     3 |       |       ||     3
  Evoke: Wand              |       |       |       |     1 |     4 |     1 ||     6
    Use: Scroll            |       |       |     9 |     3 |    26 |     5 ||    43
         Potion            |       |       |       |     1 |     4 |     1 ||     6
   Stab: Sleeping          |     1 |       |       |       |       |       ||     1
         Invisible         |       |       |       |       |     2 |       ||     2
         Petrified         |       |       |       |       |       |     2 ||     2
 Armour: Animal skin       |    11 |       |       |       |       |       ||    11
         Ring mail         |     5 |     4 |       |       |       |       ||     9
         Plate armour      |       |    96 |   184 |   122 |   245 |       ||   647
         Chain mail        |       |       |       |       |   398 |   213 ||   611
  Dodge: Dodged            |    36 |    67 |   212 |   141 |   395 |   140 ||   991
  Block: Kite shield       |       |       |    22 |   300 |  1032 |       ||  1354
         Tower shield      |       |       |       |       |   288 |   937 ||  1225
